 Dungeon Crawl Stone Soup version 0.31-a0-968-g24f9ace8b5 (webtiles) character file.

Game seed: 12363904940156115890

31 Dirtsage the Insei (level 3, 0/23 HPs)
             Began as an Octopode Shapeshifter on Oct 27, 2023.
             Slain by a jelly (3 damage)
             ... on level 3 of the Dungeon.
             The game lasted 00:02:14 (1300 turns).

Dirtsage the Insei (Octopode Shapeshifter)          Turns: 1300, Time: 00:02:15

Health: 0/23       AC: -7    Str: 19    XL:     3   Next: 22%
Magic:  3/3        EV: 13    Int: 12    God:
Gold:   84         SH:  0    Dex: 13    Spells: 2/2 levels left

rFire   . .          .
                       - Unarmed
rCold   . . .        (no shield)
rNeg    . . .        (helmet currently unavailable)
rPois   .            (no amulet)
rElec   .            g - +6 ring of strength
rCorr   .            (no ring)
SInv    .            (no ring)
Will    .....        (no ring)
Stlth   ++           (no ring)
HPRegen 0.23/turn    (no ring)
MPRegen 0.08/turn    (no ring)
                     (no ring)

%: no passive effects
@: beast-form, corroded
A: beast (slay +1), almost no armour, amphibious, 8 rings, camouflage 1,
gelatinous body 1, (nimble swimmer 1), tentacles
a: Begin Untransformation


You were on level 3 of the Dungeon.
You were a hulking beast.
You visited 1 branch of the dungeon, and saw 3 of its levels.

You collected 84 gold pieces.

Inventory:

Jewellery
 g - a +6 ring of strength (left tentacle)
Talismans
 b - a beast talisman
 c - a flux talisman
Scrolls
 f - 2 scrolls of poison {unknown}
 h - a scroll of vulnerability {unknown}
 i - 2 scrolls of teleportation {unknown}
 j - a scroll of identify {unknown}
 k - a scroll of enchant armour {unknown}
 l - a scroll of blinking {unknown}
Potions
 a - 2 potions of lignification
 d - a potion of magic {unknown}
 e - a potion of ambrosia {unknown}


   Skills:
 + Level 1.5 Fighting
 - Level 2.0 Dodging
 * Level 3.5 Unarmed Combat
 * Level 3.4 Shapeshifting


You had 2 spell levels left.
You didn't know any spells.
Your spell library contained the following spells:

 Spells                   Type           Power      Damage    Failure   Level
 Ozocubu's Armour         Ice            0%         N/A       69%         3
 Metabolic Englaciation   Hex/Ice        0%         N/A       100%        5
 Simulacrum               Ice/Necr       0%         N/A       100%        6


Dungeon Overview and Level Annotations

Branches:
Dungeon (3/15)

Altars:
Ru


Innate Abilities, Weirdness & Mutations

You are a hulking beast.
Your limbs bulge with bestial killing power. (Slay +1)
You cannot wear most types of armour.
You are amphibious.
You can wear up to eight rings at the same time.
Your skin changes colour to match your surroundings (Stealth+).
Your rubbery body absorbs attacks. (AC +1, EV +1)
((You are camouflaged when in or above water. (Stealth+)))
You have tentacles for arms and can constrict up to eight enemies at once.


Message History

There is a stone staircase leading up here.
Found a stone staircase leading down.
There is a stone staircase leading down here.
Found a sacrificial altar of Ru.
A ball python comes into view.
The helpless ball python fails to defend itself.
You bludgeon the ball python!
You kill the ball python!
No target in view!
You enter the shallow water.
A hobgoblin comes into view.
You enter the shallow water.
You tentacle-slap the hobgoblin. Your grab misses the hobgoblin.
You squeeze the hobgoblin.
You kill the hobgoblin!
No target in view!
No target in view!
You enter the shallow water.
Found a stone staircase leading up.
A jelly comes into view.
A jelly is nearby!
An endoplasm comes into view.
The endoplasm quivers.
The helpless jelly fails to defend itself.
You tentacle-slap the jelly.
Your tentacles burn!
The jelly is lightly wounded.
The jelly barely misses you.
You take 4 damage, and have 19/23 hp.
You tentacle-slap the jelly. The acid corrodes you!
Your tentacles burn!
The jelly is heavily wounded.
The jelly hits you. The acid corrodes you!
You are splashed with acid!
* * * LOW HITPOINT WARNING * * *
The endoplasm completely misses you.
You take 14 damage, and have 5/23 hp.
MASSIVE DAMAGE!!
You tentacle-slap the jelly.
Your tentacles burn!
* * * LOW HITPOINT WARNING * * *
You squeeze the jelly, but do no damage.
The jelly is heavily wounded.
The jelly hits you.
You die...

#....#...#...≈.....#.#
#.#..#.......≈.....#.#
#...####...≈≈≈≈....#.##
###. #.......≈.....#..#
#.......≈..#####.#
#######..###.## #.#
#.....##.# #.# #.#
#.....##.### #..
+..Jh......# ###
#...J.#.##.# #
..[..##.#<.# .# #######
.... ...#..# # .......
### .##.#..# ####### #
#.#..# #.#..# ......


You could see a jelly and an endoplasm.

Vanquished Creatures
  2 dart slugs
  2 ball pythons
  5 endoplasms
  A giant cockroach (D:1)
  4 goblins (D:1)
  2 hobgoblins
  A bat (D:2)
  4 frilled lizards
  4 kobolds
  3 rats
28 creatures vanquished.

Notes
Turn   | Place    | Note
-------+----------+-------------------------------------------
     0 | D:1      | Dirtsage the Octopode Shapeshifter began the quest for the
                  | Orb.
     0 | D:1      | Reached XP level 1. HP: 13/13 MP: 1/1
   213 | D:1      | Reached XP level 2. HP: 18/18 MP: 2/2
   878 | D:2      | Reached XP level 3. HP: 23/23 MP: 3/3
  1263 | D:3      | Found a sacrificial altar of Ru.
  1300 | D:3      | Slain by a jelly

Illustrated notes

Levels and vault maps discovered:
D:1:      dreamdust_arrival_sigmund_warning, layout_loops_cross
D:2:      layout_basic, reono_crystal_passage
D:3:      layout_basic, hangedman_ru_absence, serial_shops,
          nicolae_shop_tiny_glass, shop, nicolae_shop_statue_plus,
          nicolae_shop_tiny_real_fake_doors, shop,
          ebering_ecumenical_altar_petrified, gammafunk_ghost_smash,
          minivault_26, minmay_hedge_maze

Action                     || total
---------------------------++-------
  Melee: Unarmed           ||    43
         Constrict         ||    11
         Tentacles         ||    10
         Punch             ||     1
   Stab: Sleeping          ||     6
 Armour: Skin              ||     7
  Dodge: Dodged            ||    18

Table legend: (Time is in decaauts)
 A = Elapsed time spent in this place.
 B = Non-inter-level travel time spent in this place.
 C = Inter-level travel time spent in this place.
 D = Time resting spent in this place.
 E = Time spent auto-exploring this place.
 F = Levels seen in this place.
 G = Mean time per level.
                   A        B        C        D        E       F      G
               +--------+--------+--------+--------+--------+-----+--------+
         Total |   1295 |   1261 |     34 |      0 |   1088 |   3 |  431.7 |
       Dungeon |   1295 |   1261 |     34 |      0 |   1088 |   3 |  431.7 |
               +--------+--------+--------+--------+--------+-----+--------+

Top non-repeatable levels by time:
     D:1: 673 daAuts
     D:2: 537 daAuts
     D:3: 84 daAuts
